 Dungeon Crawl Stone Soup version 0.21.1-1-g345015fe64 (webtiles) character file.

116 kethem the Skirmisher (level 5, -9/42 HPs)
             Began as a Human Fighter on May 12, 2018.
             Killed by nerve-wracking pain
             ... invoked by an orc priest
              (10 damage)
             ... on level 3 of the Dungeon.
             The game lasted 00:05:37 (1941 turns).

kethem the Skirmisher (Human Fighter)               Turns: 1941, Time: 00:05:38

Health: -9/42      AC:  7    Str: 17    XL:     5   Next: 20%
Magic:  5/5        EV:  9    Int:  8    God:
Gold:   33         SH:  0    Dex: 13    Spells: 4/4 levels left

rFire    . . .     SeeInvis .   b - +0 war axe
rCold    . . .     Gourm    .   (no shield)
rNeg     . . .     Faith    .   u - +0 scale mail
rPois    .         Spirit   .   (no helmet)
rElec    .         Reflect  .   (no cloak)
rCorr    .         Harm     .   (no gloves)
MR       .....                  (no boots)
Stlth    ..........             (no amulet)
HPRegen  0.14/turn              (no ring)
MPRegen  0.09/turn              (no ring)

@: no status effects
A: no striking features
a: no special abilities


You were on level 3 of the Dungeon.
You were hungry.

You visited 1 branch of the dungeon, and saw 3 of its levels.

You collected 33 gold pieces.

Inventory:

Hand Weapons
 a - a +0 hunting sling
 b - a +0 war axe (weapon)
 x - a +0 war axe
Missiles
 e - 29 stones (quivered)
 h - 16 poisoned needles
 v - 4 tomahawks
Armour
 c - a +0 shield
 s - a +0 chain mail
 u - a +0 scale mail (worn)
Jewellery
 o - an uncursed amulet of faith {unknown}
Wands
 w - a wand of paralysis (10)
Scrolls
 j - a scroll of teleportation {unknown}
 k - a scroll of enchant armour {unknown}
 l - 2 scrolls of identify {unknown}
 p - a scroll of immolation {unknown}
 q - a scroll of blinking {unknown}
Potions
 d - a potion of might
 g - a potion of heal wounds {unknown}
 i - a potion of lignification {unknown}
 m - a potion of degeneration {unknown}
 n - a potion of curing {unknown}
 r - a potion of cancellation {unknown}
 t - a potion of flight {unknown}
Comestibles
 f - 10 rations


   Skills:
 + Level 3.8 Fighting
 * Level 3.7 Axes
 + Level 3.7 Armour
 - Level 3.0 Shields


You had 4 spell levels left.
You didn't know any spells.

Dungeon Overview and Level Annotations

Branches:
Dungeon (3/15)

Altars:
Dithmenos


Message History

The orc priest invokes the aid of Beogh against you.
Beogh smites you!
You hit the orc.
The orc is severely wounded.
You completely miss the bat. The bat hits you but does no damage.
The bat barely misses you. The orc hits you but does no damage.
The orc closely misses you.
You barely miss the orc.
The orc is severely wounded.
The bat closely misses you. The orc barely misses you.
You hit the orc.
You kill the orc!
The bat hits you but does no damage.
The orc priest invokes the aid of Beogh against you.
Beogh smites you!
* * * LOW HITPOINT WARNING * * *
The orc throws a stone.
The stone hits you but does no damage.
The orc priest calls down the wrath of Beogh upon you.
Pain shoots through your body!
You die...

.##.# ......# #
....# .....#.#
....#####.# ....#.#
........... .....
###.#############
#††# # #.#
#)..#.###..# #
#.##### #.#.#.##?(.#
# #.....#
#.#...##o).# #
#####.###'###b@†o#!#
# #.......######.#
###.....# .# #.....#
.. #.....# #(
#.....# .# #.....#
.# #.....# #.....#


You could see an orc priest, an orc and a bat.

Vanquished Creatures
  A bullfrog skeleton (D:3)
  2 adders
  A worm (D:2)
  A dart slug (D:1)
  8 orcs
  8 bats
  4 giant cockroaches
  12 goblins
  5 hobgoblins
  4 kobolds
  5 frilled lizards
  3 rats
54 creatures vanquished.

Notes
Turn   | Place    | Note
-------+----------+-------------------------------------------
     0 | D:1      | kethem the Human Fighter began the quest for the Orb.
     0 | D:1      | Reached XP level 1. HP: 18/18 MP: 1/1
   187 | D:1      | Reached XP level 2. HP: 24/24 MP: 2/2
   347 | D:1      | Reached XP level 3. HP: 27/29 MP: 3/3
  1567 | D:2      | Reached XP level 4. HP: 35/35 MP: 4/4
  1637 | D:3      | Found a shadowy altar of Dithmenos.
  1663 | D:3      | Reached XP level 5. HP: 20/42 MP: 5/5
  1941 | D:3      | HP: 1/42 [orc priest/divine providence (16)]
  1941 | D:3      | Killed from afar by an orc priest

Skill      XL: |  1  2  3 |
---------------+----------+-----
Axes           | 3 |  3.7
Fighting       | |  3.8
Armour         | |  3.7
Shields        | |  3.0

Action                   |  1- 3 |  4- 6 || total
-------------------------+-------+-------++-------
Melee: War axe           |   123 |    42 ||   165
 Fire: Hunting sling     |     5 |       ||     5
  Use: Scroll            |     1 |       ||     1
  Eat: Chunk             |     2 |     1 ||     3
Armor: Scale mail        |    66 |    39 ||   105
Dodge: Dodged            |    63 |    29 ||    92
